 Dungeon Crawl Stone Soup version 0.28.0 (webtiles) character file.

Game seed: 13449996397660755121

1208 belegose the Charlatan (level 8, -1/58 HPs)
             Began as a Demonspawn Artificer on Feb 10, 2022.
             Slain by Pikel (2 damage)
             ... on level 6 of the Dungeon.
             The game lasted 00:31:13 (9821 turns).

belegose the Charlatan (Demonspawn Artificer)       Turns: 9821, Time: 00:31:14

Health: -1/58      AC:  3    Str: 19    XL:     8   Next: 21%
Magic:  8/8        EV: 11    Int: 14    God:
Gold:   158        SH:  6    Dex: 22    Spells: 7/7 levels left

rFire   . . .      SeeInvis .   b - +0 dagger (elec)
rCold   . . .      Faith    .   s - +0 buckler
rNeg    . . .      Spirit   .   m - +0 leather armour
rPois   .          Reflect  .   (no helmet)
rElec   .          Harm     .   (no cloak)
rCorr   .          Rampage  .   (no gloves)
Will    .....                   (no boots)
Stlth   +++.......              C - amulet of magic regeneration
HPRegen 0.19/turn               n - +6 ring of dexterity
MPRegen 0.62/turn               j - +6 ring of strength

@: no status effects
A: claws 2, thin skeletal structure 1, powered by death 2, magic regeneration
a: no special abilities


You were on level 6 of the Dungeon.
You visited 1 branch of the dungeon, and saw 6 of its levels.

You collected 208 gold pieces.
You spent 50 gold pieces at shops.

Inventory:

Hand Weapons
 a - a +2 dagger of draining
 b - a +0 dagger of electrocution (weapon)
 w - a +0 falchion
 D - a +0 hunting sling
Missiles
 g - 41 bolts
 l - 7 poisoned darts (quivered)
 y - 105 stones
 G - 16 sling bullets
Armour
 m - a +0 leather armour (worn)
 s - a +0 buckler (worn)
 A - a +0 ring mail
Jewellery
 h - a ring of positive energy
 j - a +6 ring of strength (right claw)
 n - a +6 ring of dexterity (left claw)
 C - an amulet of magic regeneration (around neck)
Wands
 c - a wand of flame (17)
 d - a wand of charming (10)
Scrolls
 f - 5 scrolls of noise {unknown}
 k - 5 scrolls of magic mapping {unknown}
 o - 3 scrolls of fog {unknown}
 p - a scroll of amnesia {unknown}
 r - 2 scrolls of enchant weapon {unknown}
 t - 5 scrolls of teleportation
 z - 2 scrolls of identify
 E - a scroll of silence {unknown}
 H - a scroll of holy word {unknown}
 K - a scroll of vulnerability {unknown}
 L - a scroll of fear {unknown}
Potions
 i - a potion of brilliance {unknown}
 q - a potion of might {unknown}
 u - 4 potions of magic
 v - 3 potions of lignification
 x - 2 potions of haste {unknown}
 B - 2 potions of curing
 F - 2 potions of invisibility
 J - a potion of mutation {unknown}
Miscellaneous
 e - a piece from Xom's chessboard (15/15)


   Skills:
 - Level 3.5 Fighting
 + Level 3.6 Short Blades
 + Level 3.6 Throwing
 - Level 3.0 Armour
 - Level 0.8 Dodging
 + Level 2.6 Stealth
 + Level 3.0 Shields
 + Level 5.3 Evocations


You had 7 spell levels left.
You didn't know any spells.
Your spell library contained the following spells:

 Spells                   Type           Power      Damage    Failure   Level
 Gell's Gravitas          Tloc           0%         N/A       80%         3
 Lesser Beckoning         Tloc           0%         N/A       80%         3
 Teleport Other           Tloc           0%         N/A       80%         3


Dungeon Overview and Level Annotations

Branches:
Dungeon (6/15)
 Temple: D:4-7

Altars:
Cheibriados

Shops:
D:1 ?   D:5 !

Annotations:
D:2 exclusion: downstairs
D:3 exclusion: ogre
D:6 Pikel


Innate Abilities, Weirdness & Mutations

You have very sharp fingernails.
You have a somewhat thin skeletal structure. (Dex +2, Stealth+)
You regenerate health from kills.
You regenerate magic rapidly.


Message History

Pikel burns you.
Okay, then.
Pikel scowls and wipes his hands on his robe.
Pikel hits you with a +0 whip of flaming.
* * * LOW HITPOINT WARNING * * *
Pikel burns you.
* * * LOW HITPOINT WARNING * * *
You see here a +0 spear.
Aiming: Throw Flame
Press: ? - help, Shift-Dir - straight line, f/p - Pikel
Aim: Pikel, wielding a +0 whip of flaming and wearing a +0 robe (heavily wounded, lightly drained, 67% to hit)
The puff of flame misses Pikel.
Found an encrusted silver wand.
You block Pikel's attack.
Pikel says, "You'll make a fine lemure."
Aiming: Throw Flame
Press: ? - help, Shift-Dir - straight line, f/p - Pikel
Aim: Pikel, wielding a +0 whip of flaming and wearing a +0 robe (heavily wounded, lightly drained, 67% to hit)
The puff of flame hits Pikel!
Pikel is almost dead.
Pikel seems less drained.
Pikel hits you with a +0 whip of flaming!
* * * LOW HITPOINT WARNING * * *
Pikel burns you.
* * * LOW HITPOINT WARNING * * *
Aiming: Throw Flame
Press: ? - help, Shift-Dir - straight line, f/p - Pikel
Aim: Pikel, wielding a +0 whip of flaming and wearing a +0 robe (almost dead, 67% to hit)
The puff of flame misses Pikel.
Pikel barely misses you.
Pikel cracks his whip.
You see here a +0 robe.
Aiming: Throw Flame
Press: ? - help, Shift-Dir - straight line, f/p - Pikel
Aim: Pikel, wielding a +0 whip of flaming and wearing a +0 robe (severely wounded, 67% to hit)
The puff of flame hits Pikel.
Pikel is almost dead.
Pikel hits you with a +0 whip of flaming!
* * * LOW HITPOINT WARNING * * *
Pikel burns you.
You die...

######### # ####
#.......######## #.
..# #....>..........
#. #.#
#...........####
#.###.###...........#
#
#?......#[###.##....#
# #.........#
#.##....# #
#....##K###
#.##....####
#....##@#
#.##....##..
#....##.#
#.########..
#...(...#####.# #..
#.#.(.........# #..
#.##..........# #.. .
#.(.........# #.. ##
##............. ...
#....#........# .###
........######.# ##


You could see Pikel.

Vanquished Creatures
  A water moccasin (D:4)
  2 black bears
  A centaur (D:5)
  2 ogres
  4 lemures
  A scorpion (D:5)
  A water moccasin skeleton (D:5)
  2 hounds (D:4)
  An iron imp (D:4)
  2 centaur skeletons (D:5)
  An iguana (D:6)
  A killer bee zombie (D:5)
  An orc wizard (D:3)
  A howler monkey zombie (D:5)
  7 adders
  8 gnolls
  2 white imps (D:5)
  2 ufetubi (D:5)
  An adder skeleton (D:4)
  A worm (D:2)
  4 dart slugs
  20 orcs
  9 ball pythons
  4 endoplasms
  5 giant cockroaches
  2 goblins
  10 hobgoblins
  10 jackals
  6 quokkas
  5 bats
  3 frilled lizards
  11 kobolds
  5 rats
136 creatures vanquished.

Vanquished Creatures (collateral kills)
  An orc wizard (D:4)
  An ufetubus (D:4)
  An orc (D:4)
3 creatures vanquished.

Grand Total: 139 creatures vanquished

Notes
Turn   | Place    | Note
-------+----------+-------------------------------------------
     0 | D:1      | belegose the Demonspawn Artificer began the quest for the
                  | Orb.
     0 | D:1      | Reached XP level 1. HP: 15/15 MP: 1/1
   104 | D:1      | Found Edwia's Magic Scroll Shop.
   572 | D:1      | Gained mutation: You regenerate a little health from kills.
                  | [demonic ancestry]
   572 | D:1      | Reached XP level 2. HP: 21/21 MP: 2/2
  1298 | D:1      | Gained mutation: You regenerate magic rapidly. [demonic
                  | ancestry]
  1298 | D:1      | Reached XP level 3. HP: 26/26 MP: 3/3
  2071 | D:2      | Gained mutation: You have sharp fingernails. [demonic
                  | ancestry]
  2071 | D:2      | Reached XP level 4. HP: 30/33 MP: 4/4
  2093 | D:2      | Reached skill level 1 in Short Blades
  2135 | D:2      | Reached skill level 1 in Throwing
  3304 | D:3      | Noticed an ogre
  3828 | D:3      | Gained mutation: You have a somewhat thin skeletal
                  | structure. (Dex +2, Stealth+) [demonic ancestry]
  3828 | D:3      | Reached XP level 5. HP: 36/39 MP: 5/5
  4701 | D:3      | Reached skill level 4 in Evocations
  5170 | D:4      | Noticed a water moccasin
  5192 | D:4      | Reached XP level 6. HP: 45/47 MP: 6/6
  5428 | D:3      | Reached skill level 1 in Shields
  6275 | D:4      | Killed a water moccasin
  6276 | D:4      | Gained mutation: You have very sharp fingernails. [demonic
                  | ancestry]
  6276 | D:4      | Reached XP level 7. HP: 44/52 MP: 7/7
  6449 | D:4      | Found a snail-covered altar of Cheibriados.
  6661 | D:5      | Entered Level 5 of the Dungeon
  6818 | D:5      | Reached skill level 1 in Stealth
  7603 | D:5      | Found Taippuem's Distillery.
  8087 | D:5      | Reached skill level 5 in Evocations
  8308 | D:5      | Gained mutation: You regenerate health from kills. [demonic
                  | ancestry]
  8308 | D:5      | Reached XP level 8. HP: 36/58 MP: 8/8
  8774 | D:1      | Bought a scroll of identify for 20 gold pieces
  8778 | D:1      | Bought a scroll of teleportation for 30 gold pieces
  9379 | D:6      | Noticed Pikel
  9821 | D:6      | HP: 1/58 [Pikel (9)]
  9821 | D:6      | Slain by Pikel

Illustrated notes

Levels and vault maps discovered:
D:1:      giann_horns, layout_loops_ring, serial_shops, shop_scrolls,
          kennysheep_another_room
D:2:      layout_rooms
D:3:      layout_basic
D:4:      layout_cave_pools, chei_slow_surprise, serial_column_ruins,
          column_ruins_hut, column_ruins_hut_ruined,
          column_ruins_columns_straight, column_ruins_open_medium,
          column_ruins_corridor_corner, column_ruins_grid_3,
          column_ruins_grid_4, minmay_misc_feat_tiny, minivault_14,
          corexii_hall_statues_x
D:5:      minmay_general_purpose_star, layout_rooms, serial_shops,
          nicolae_shop_hallway_plus, dk_noncrumbling_3
D:6:      layout_basic, temple_doors_e, uniq_prince_ribbit1, uniq_pikel

Skill      XL: |  1  2  3  4  5  6  7  8 |
---------------+-------------------------+-----
Armour         | 2 3 |  3.0
Fighting       | 2 3 |  3.5
Short Blades   | 1 2 3 |  3.6
Throwing       | 1 2 3 |  3.6
Evocations     | 4 5 |  5.3
Shields        | 1 2 3 |  3.0
Stealth        | 2 |  2.6
Dodging        | |  0.8

Action                   |  1- 3 |  4- 6 |  7- 9 || total
-------------------------+-------+-------+-------++-------
Melee: Mace              |    18 |       |       ||    18
       Club              |     3 |       |       ||     3
       Rapier            |    54 |     4 |       ||    58
       Dagger            |    51 |   238 |   239 ||   528
       Punch             |     2 |     3 |     4 ||     9
Throw: Dart              |       |    21 |     9 ||    30
       Stone             |       |     6 |       ||     6
Evoke: Wand              |     1 |     8 |     7 ||    16
       Piece from Xom's  |       |     5 |       ||     5
  Use: Scroll            |       |       |     4 ||     4
 Stab: Sleeping          |     5 |     3 |     4 ||    12
       Confused          |       |     2 |       ||     2
Armor: Leather armour    |    31 |    38 |    46 ||   115
Dodge: Dodged            |    84 |   136 |   145 ||   365
Block: Buckler           |       |       |    29 ||    29
